 Dungeon Crawl Stone Soup version 0.28.0-49-g6dfe1f597d (webtiles) character file.

Game seed: 11212252086138121875

0 issech the Thrower (level 1, 0/13 HPs)
             Began as a Gnoll Wanderer on May 18, 2022.
             Slain by a goblin
             ... wielding a +0 dagger
              (2 damage)
             ... on level 1 of the Dungeon.
             The game lasted 00:00:45 (86 turns).

issech the Thrower (Gnoll Wanderer)                   Turns: 86, Time: 00:00:46

Health: 0/13       AC:  2    Str: 10    XL:     1   Next: 10%
Magic:  6/6        EV: 11    Int: 14    God:
Gold:   0          SH:  0    Dex:  9    Spells: 9/9 levels left

rFire   . . .      SeeInvis .   a - +0 dagger
rCold   . . .      Faith    .   (no shield)
rNeg    . . .      Spirit   .   c - +0 robe
rPois   .          Reflect  .   (no helmet)
rElec   .          Harm     .   (no cloak)
rCorr   .          Rampage  .   (no gloves)
Will    .....                   (no boots)
Stlth   +.........              (no amulet)
HPRegen 0.04/turn               (no ring)
MPRegen 0.10/turn               (no ring)

@: no status effects
A: fangs 1, strong nose, distributed training
a: no special abilities


You were on level 1 of the Dungeon.
You visited 1 branch of the dungeon, and saw 1 of its levels.

Inventory:

Hand Weapons
 a - a +0 dagger (weapon)
Missiles
 b - 8 poisoned darts (quivered)
 d - 42 stones
Armour
 c - a +0 robe (worn)
Scrolls
 e - a scroll of summoning {unknown}


   Skills:
 + Level 0.0 Fighting
 + Level 0.0 Short Blades
 + Level 0.0 Long Blades
 + Level 0.0 Axes
 + Level 0.0 Maces & Flails
 + Level 0.0 Polearms
 + Level 0.0 Staves
 + Level 0.0 Slings
 + Level 0.0 Bows
 + Level 0.0 Crossbows
 + Level 8.4 Throwing
 + Level 0.0 Armour
 + Level 0.0 Dodging
 + Level 0.0 Stealth
 + Level 0.0 Shields
 + Level 0.0 Unarmed Combat
 + Level 4.8 Spellcasting
 + Level 3.6 Conjurations
 + Level 0.0 Hexes
 + Level 0.0 Summonings
 + Level 0.0 Necromancy
 + Level 0.0 Translocations
 + Level 0.0 Transmutations
 + Level 0.0 Fire Magic
 + Level 1.9 Ice Magic
 + Level 0.0 Air Magic
 + Level 0.0 Earth Magic
 + Level 0.0 Poison Magic
 + Level 0.0 Invocations
 + Level 2.3 Evocations


You had 9 spell levels left.
You didn't know any spells.
Your spell library contained the following spells:

 Spells                   Type           Power      Damage    Failure   Level
 Magic Dart               Conj           52%        1d5       4%          1
 Freeze                   Ice            32%        1d5       9%          1
 Shock                    Conj/Air       32%        1d5       9%          1
 Frozen Ramparts          Ice            16%        1d3       24%         3
 Sticky Flame             Conj/Fire      8%         2d3       63%         4


Dungeon Overview and Level Annotations

Branches:
Dungeon (1/15)

Altars:


Innate Abilities, Weirdness & Mutations

You have very sharp teeth.
Your uncanny sense of smell can sniff out nearby items.
Your experience applies equally to all skills.


Message History

You barely miss the goblin. You bite the goblin, but do no damage.
The ball python barely misses you. x2; The goblin barely misses you.
You closely miss the goblin. The ball python closely misses you.
The ball python grabs you. The ball python constricts you.
The goblin hits you with a +0 dagger.
You escape the ball python's grasp.
The rat twitches its whiskers.
The ball python barely misses you. x2
The ball python misses you. The ball python grabs you.
The ball python constricts you.
You escape the ball python's grasp.
The ball python bites you.
* * * LOW HITPOINT WARNING * * *
The ball python grabs you. The ball python constricts you.
You escape the ball python's grasp.
You are too injured to fight recklessly!
Throw: 10 darts (poison)
Press: ? - help, Q - select action, (/) - cycle Shift-Dir - straight line, f - ball python
Aim: a ball python (55% to hit)
You throw a poisoned dart.
The poisoned dart closely misses the ball python.
The poisoned dart hits the goblin.
The goblin is poisoned.
You hit the ball python.
You kill the ball python!
Found 13 gold pieces.
You are too injured to fight recklessly!
Throw: 9 darts (poison)
Press: ? - help, Q - select action, (/) - cycle Shift-Dir - straight line, f - goblin
Aim: a goblin, wielding a +0 dagger (moderately wounded, poisoned, 51% to hit)
You throw a poisoned dart.
The poisoned dart closely misses the goblin.
The poisoned dart barely misses the rat.
You closely miss the goblin.
The goblin is moderately wounded.
The goblin hits you with a +0 dagger.
* * * LOW HITPOINT WARNING * * *
You barely miss the goblin.
The goblin is heavily wounded.
The goblin hits you with a +0 dagger.
You die...

##.<#.#.#.#.# ∆
#.###.#.#.#.#
##...##.#.#.## ## #
#####.##.#..###. #$
##.##...... .#..
#.#######.##.......
.....
#.......##..#..>..
#....#####'###.........
#..@gr...((.###.....
############........
#........ #....##>.
#....##.. #....##..
#....##.. #....##..
####.##..


You could see a goblin (poisoned) and a rat.

Vanquished Creatures
  A ball python (D:1)
1 creature vanquished.

Notes
Turn   | Place    | Note
-------+----------+-------------------------------------------
     0 | D:1      | issech the Gnoll Wanderer began the quest for the Orb.
     0 | D:1      | issech set off with the following items: a +0 dagger, 10
                  | poisoned darts, a +0 robe; and the following spells
                  | available to memorise: Magic Dart, Freeze, Shock, Frozen
                  | Ramparts, Sticky Flame
     0 | D:1      | Reached XP level 1. HP: 13/13 MP: 6/6
    86 | D:1      | Slain by a goblin

Illustrated notes

Levels and vault maps discovered:
D:1:      evilmike_arrival_rings, layout_basic,
          hellmonk_ecumenical_altar_watching_god

Action                   || total
-------------------------++-------
Melee: Dagger            ||     5
       Bite              ||     1
Throw: Dart              ||     2
Dodge: Dodged            ||     8
